 Dungeon Crawl Stone Soup version 0.25-a0-294-gea9b1ad (webtiles) character file.

Game seed: 740347141634724804, levelgen mode: deterministic

46 15 the Gusty (level 3, -6/19 HPs)
             Began as a Tengu Air Elementalist on Dec 18, 2019.
             Mangled by Terence
             ... wielding a +0 falchion
              (7 damage)
             ... on level 2 of the Dungeon.
             The game lasted 00:05:10 (995 turns).

15 the Gusty (Tengu Air Elementalist)                Turns: 995, Time: 00:05:11

Health: -6/19      AC:  2    Str:  9    XL:     3   Next: 66%
Magic:  0/7        EV: 13    Int: 15    God:
Gold:   59         SH:  0    Dex: 14    Spells: 0/6 levels left

rFire    . . .     SeeInvis .   m - +0 mace
rCold    . . .     Gourm    .   (no shield)
rNeg     . . .     Faith    .   a - +0 robe
rPois    .         Spirit   .   (helmet restricted)
rElec    .         Reflect  .   (no cloak)
rCorr    .         Harm     .   (no gloves)
MR       .....                  (boots unavailable)
Stlth    ++........             (no amulet)
HPRegen  0.06/turn              (no ring)
MPRegen  0.10/turn              (no ring)

@: very slightly contaminated
A: beak, talons 3
a: no special abilities


You were on level 2 of the Dungeon.
You were not hungry.

You visited 1 branch of the dungeon, and saw 3 of its levels.

You collected 59 gold pieces.

Inventory:

Hand Weapons
 b - a +0 short sword
 m - a +0 mace (weapon)
Missiles
 e - 66 stones (quivered)
Armour
 a - a +0 robe (worn)
Potions
 h - a potion of invisibility
 j - a potion of curing {unknown}
 k - a potion of degeneration {unknown}
 n - a potion of might {unknown}
Comestibles
 c - 2 rations
 d - 4 chunks of flesh


   Skills:
 * Level 1.0 Armour
 * Level 2.5 Dodging
 + Level 2.2 Stealth
 + Level 2.2 Spellcasting
 * Level 2.1 Conjurations
 + Level 4.9 Air Magic


You couldn't memorise any spells.
You knew the following spells:

 Your Spells              Type           Power        Failure   Level  Hunger
a - Shock                 Conj/Air       ##..         5%          1    #......
b - Swiftness             Chrm/Air       #.......     12%         2    ###....
c - Static Discharge      Conj/Air       ##......     16%         3    ###....

Your spell library contained the following spells:

 Spells                   Type           Power        Failure   Level  Hunger
 Airstrike                Air            ###.......   28%         4    #####..
 Lightning Bolt           Conj/Air       ##........   82%         5    ######.


Dungeon Overview and Level Annotations

Branches:
Dungeon (3/15)

Altars:

Annotations:
D:2 Terence


Innate Abilities, Weirdness & Mutations

You have a beak for a mouth.
You have claws for feet.


Message History

Terence hits you with a +0 falchion. Terence hits you with a +0 falchion!
You hit Terence but do no damage. Your kick misses Terence.
Your peck misses Terence.
Terence is almost dead.
Terence hits you with a +0 falchion.
* * * LOW HITPOINT WARNING * * *
Casting: Shock (safe; 5% risk of failure)
Confirm with . or Enter, or press ? or * to list all spells.
Aiming: Shock (safe; 5% risk of failure)
Press: ? - help, Shift-Dir - straight line, f/p - Terence
Aim: Terence, wielding a +0 falchion and wearing a +0 scale mail (almost dead)
The zap misses Terence.
Terence barely misses you.
You barely miss Terence. Your peck misses Terence.
Terence is almost dead.
Terence hits you with a +0 falchion.
* * * LOW HITPOINT WARNING * * *
You closely miss Terence. You peck Terence, but do no damage.
Terence is almost dead.
Terence hits you with a +0 falchion!
You die...

#.##<#.# #.##.#.#
######## #.##.#.#
#...)..# #.##.#.#
#.####.# #.##.#.# #.#
#.# ############
#.##.#.. #.# #.#
#........... #....#.#
#.####.###..(.....%..
########
#............@@...)..
.......
######.###...........
######
#.###........... ####
#...>...........
.....
#####...........
###.#
###################.#
#.....#.# #.###.#.#
#.#......


You could see Terence.

Vanquished Creatures
  An adder (D:2)
  2 oozes (D:2)
  2 bats (D:1)
  2 giant cockroaches (D:2)
  4 hobgoblins
  5 kobolds (D:1)
  3 ball pythons
  4 frilled lizards
  4 goblins
  2 rats
29 creatures vanquished.

Notes
Turn   | Place    | Note
-------+----------+-------------------------------------------
     0 | D:1      | 15 the Tengu Air Elementalist began the quest for the Orb.
     0 | D:1      | Reached XP level 1. HP: 10/10 MP: 4/4
   146 | D:1      | Reached XP level 2. HP: 15/15 MP: 3/6
   150 | D:1      | Learned a level 2 spell: Swiftness
   793 | D:2      | Reached XP level 3. HP: 19/19 MP: 4/7
   865 | D:2      | Learned a level 3 spell: Static Discharge
   910 | D:2      | Reached skill level 1 in Armour
   933 | D:2      | You fall into a shaft and drop 1 floor!
   982 | D:2      | Noticed Terence
   995 | D:2      | Mangled by Terence

Levels and vault maps discovered:
D:1:      mainiacjoe_arrival_reflecting_pool, layout_loops_ring
D:2:      layout_basic, uniq_terence
D:3:      layout_basic, grunt_dithmenos_smoke, lemuel_round_altar,
          lemuel_doored_altar, nicolae_tso_swordbearing_angel, uniq_robin,
          uniq_grinder, uniq_natasha

Skill      XL: |  1  2  3 |
---------------+----------+-----
Armour         | 1 |  1.0
Conjurations   | 2 |  2.1
Dodging        | |  2.5
Stealth        | |  2.2
Spellcasting   | |  2.2
Air Magic      | |  4.9

Action                   || total
-------------------------++-------
Melee: Unarmed           ||     4
       Kick              ||     4
       Short sword       ||     7
       Peck              ||     4
       Mace              ||     9
 Cast: Shock             ||    45
  Use: Scroll            ||     5
 Stab: Sleeping          ||     1
  Eat: Chunk             ||     1
Armor: Robe              ||     3
Dodge: Dodged            ||    26

Table legend:
 A = Non-vault XP
 B = Vault XP
 C = Vault XP percentage of total XP
 D = Non-vault monster count
 E = Vault monster count
 F = Vault count percentage of total count
                 A         B        C        D         E       F
            +---------+---------+-------+---------+---------+-------
      Total |      66 |       0 |   0.0 |      29 |       0 |   0.0
            +---------+---------+-------+---------+---------+-------
        D:1 |      24 |       0 |   0.0 |      17 |       0 |   0.0
        D:2 |      42 |       0 |   0.0 |      12 |       0 |   0.0
            +---------+---------+-------+---------+---------+-------
